 Dungeon Crawl Stone Soup version 0.30-a0-719-gcc4359ea44 (webtiles) character file.

Game seed: 13591183059710076058

161 Dittersdorf the Shield-Bearer (level 5, -4/34 HPs)
             Began as a Gargoyle Fighter on Jan 26, 2023.
             Slain by an ogre
             ... wielding a +0 giant club
              (16 damage)
             ... on level 2 of the Dungeon.
             The game lasted 00:03:35 (2648 turns).

Dittersdorf the Shield-Bearer (Gargoyle Fighter)    Turns: 2648, Time: 00:03:36

Health: -4/34      AC: 13    Str: 21    XL:     5   Next: 42%
Magic:  5/5        EV:  7    Int:  9    God:
Gold:   213        SH:  4    Dex:  9    Spells: 4/4 levels left

rFire   . . .      SeeInvis .    a - +0 flail
rCold   . . .      Faith    .    c - +0 buckler
rNeg    + . .      Spirit   .    p - +0 chain mail
rPois   ∞          Reflect  .    (no helmet)
rElec   +          Harm     .    u - scarf {shadows}
rCorr   .          Rampage  .    (no gloves)
Will    .....                    (no boots) Stlth
                                 (no amulet)
HPRegen 0.25/turn                (no ring)
MPRegen 0.09/turn                (no ring)

@: no status effects
A: sickness immunity, AC +4, negative energy resistance 1, electricity
resistance, torment resistance 1, petrification resistance
a: no special abilities


You were on level 2 of the Dungeon.
You visited 1 branch of the dungeon, and saw 3 of its levels.

You collected 213 gold pieces.

Inventory:

Hand Weapons
 a - a +0 flail (weapon)
Missiles
 r - a throwing net (quivered)
Armour
 c - a +0 buckler (worn)
 p - a +0 chain mail (worn)
 u - a scarf of shadows (worn)
Wands
 w - a wand of paralysis (6)
Scrolls
 b - 3 scrolls of identify {unknown}
 e - a scroll of amnesia {unknown}
 f - 2 scrolls of magic mapping {unknown}
 g - 2 scrolls of silence {unknown}
 h - 5 scrolls of teleportation {unknown}
 j - a scroll of enchant weapon {unknown}
 k - a scroll of enchant armour {unknown}
 q - a scroll of fear {unknown}
 s - a scroll of poison {unknown}
Potions
 d - 2 potions of might
 i - a potion of ambrosia {unknown}
 l - a potion of haste {unknown}
 m - 2 potions of attraction {unknown}
 n - a potion of mutation {unknown}
 o - 2 potions of invisibility {unknown}
 t - 2 potions of curing {unknown}
 v - a potion of lignification {unknown}


   Skills:
 + Level 4.3 Fighting
 + Level 3.1 Maces & Flails
 + Level 4.3 Armour
 + Level 4.3 Shields


You had 4 spell levels left.
You didn't know any spells.
Your spell library contained the following spells:

 Spells                   Type           Power      Damage    Failure   Level
 Petrify                  Tmut/Erth      0%         N/A       100%        4
 Irradiate                Conj/Tmut      0%         3d11      100%        5
 Sublimation of Blood     Necr           Unusable   N/A       N/A         2

Dungeon Overview and Level Annotations

Branches:
Dungeon (3/15)

Altars:
Dithmenos
Hepliaklqana
Xom

Shops:
D:1 *(***


Innate Abilities, Weirdness & Mutations

You are immune to sickness and miasma.
Your stone body is resilient. (AC +4)
You are immune to poison.
You resist negative energy. (rN+)
You are resistant to electric shocks. (rElec)
You are resistant to unholy torment.
You are immune to petrification.


Message History

You are too injured to fight recklessly!
You are too injured to fight recklessly!
You are too injured to fight recklessly!
You are too injured to fight recklessly!
You are too injured to fight recklessly!
You are too injured to fight recklessly!
You are too injured to fight recklessly!
You are too injured to fight recklessly!
You are too injured to fight recklessly!
You are too injured to fight recklessly!
The ogre attacks as you move away! You block the ogre's attack.
There is a stone staircase leading up here.
You climb upwards.
There is a stone staircase leading down here.
You start resting.
HP restored.
You climb downwards.
The goblin hits you with a +0 dagger. The ogre closely misses you.
The goblin hits you but does no damage.
There is a stone staircase leading up here.
The ogre completely misses you. The goblin barely misses you.
You climb upwards.
There is a stone staircase leading down here.
The goblin attacks as you move away! You block the goblin's attack.
The ogre attacks as you move away! The ogre hits you but does no damage.
The goblin hits you but does no damage. The goblin attacks as you move away!
You block the goblin's attack.
You barely miss the goblin. The goblin hits you with a +0 dagger.
You thump the ogre!
The ogre is moderately wounded.
You block the goblin's attack.
The ogre hits you with a +0 giant club!!
Ouch! That really hurt!
You hit the ogre but do no damage.
The ogre is moderately wounded.
The goblin hits you with a +0 dagger. The ogre barely misses you.
The goblin hits you with a +0 dagger.
You hit the ogre but do no damage.
The ogre is moderately wounded.
You block the goblin's attack. The ogre hits you with a +0 giant club!
You die...

.##..#.#.._...############.#+##
.##..#..........##............#
.##..#..........##............#
.....#..........##............###
.....#...........#...............
.................#...............
....(............+......>#.......
.................#.......#.......
.......##.......@g...............
.......#.......##O.......##......
.......#.#####.##........##......
.......#.#<)...##........##......
.#.......##.....#........##......
.........#......'................
.........#...)..#........##......
.........#......#........##......
.........#......#........##......


You could see an ogre and a goblin.

Vanquished Creatures
  Terence (D:2)
  An adder (D:3)
  6 gnolls
  A worm (D:3)
  A dart slug (D:2)
  6 endoplasms
  3 giant cockroaches (D:1)
  11 goblins
  3 hobgoblins
  4 kobolds
  3 quokkas (D:1)
  5 ball pythons
  7 bats
  4 frilled lizards
  6 rats
62 creatures vanquished.

Notes
Turn   | Place    | Note
-------+----------+-------------------------------------------
     0 | D:1      | Dittersdorf the Gargoyle Fighter began the quest for the
                  | Orb.
     0 | D:1      | Reached XP level 1. HP: 14/14 MP: 1/1
    27 | D:1      | Found Vyotrael's General Store.
    84 | D:1      | Found Juoses's Assorted Antiques.
   101 | D:1      | Found Neanonur's Weapon Shop.
   135 | D:1      | Found Kur Weem's General Store.
   194 | D:1      | Reached XP level 2. HP: 15/19 MP: 2/2
   482 | D:1      | Reached XP level 3. HP: 23/23 MP: 3/3
   509 | D:1      | Found Mohado's General Store.
   796 | D:2      | Found a shimmering altar of Xom.
   944 | D:1      | HP: 1/24 [gnoll/+0 whip (2)]
  1058 | D:2      | Reached XP level 4. HP: 18/29 MP: 4/4
  1357 | D:2      | Noticed Terence
  1374 | D:2      | Killed Terence
  1857 | D:3      | Found a faded altar of an unknown god.
  1887 | D:3      | Reached XP level 5. HP: 15/33 MP: 5/5
  2481 | D:3      | Found a hazy altar of Hepliaklqana.
  2481 | D:3      | Found a shadowy altar of Dithmenos.
  2482 | D:3      | Noticed a shadow
  2512 | D:3      | Noticed an ogre
  2648 | D:2      | Slain by an ogre

Illustrated notes

Levels and vault maps discovered:
D:1:      dpeg_arrival_refuge, layout_loops_ring, serial_shops, shop, shop,
          nicolae_shop_window_shopping, nicolae_shop_behind_doors,
          nicolae_shop_overgrown_old_shop, minmay_vboxes
D:2:      layout_basic, basic_altar, palyth_stone_intersect, uniq_terence
D:3:      layout_loops_cross, riverfiend_overflow_shadow_ancestor,
          nicolae_ecumenical_oubliette, chequers_serial_rivers_micro_c,
          corexii_item_surrounded_by_moat, minmay_fountain_box,
          minmay_ogre_servants

Skill      XL: |  1  2  3  4 |
---------------+-------------+-----
Shields        | 4 |  4.3
Fighting       | 4 |  4.3
Armour         | 4 |  4.3
Maces & Flails | 3 |  3.1

Action                     |  1- 3 |  4- 6 || total
---------------------------+-------+-------++-------
  Melee: Flail             |    82 |   121 ||   203
 Armour: Scale mail        |    60 |    18 ||    78
         Chain mail        |       |    45 ||    45
  Dodge: Dodged            |    51 |    51 ||   102
  Block: Buckler           |    29 |    37 ||    66

Table legend: (Time is in decaauts)
 A = Elapsed time spent in this place.
 B = Non-inter-level travel time spent in this place.
 C = Inter-level travel time spent in this place.
 D = Time resting spent in this place.
 E = Time spent auto-exploring this place.
 F = Levels seen in this place.
 G = Mean time per level.
                   A        B        C        D        E       F      G
               +--------+--------+--------+--------+--------+-----+--------+
         Total |   2714 |   2640 |     74 |    507 |   1541 |   3 |  904.7 |
       Dungeon |   2714 |   2640 |     74 |    507 |   1541 |   3 |  904.7 |
               +--------+--------+--------+--------+--------+-----+--------+

Top non-repeatable levels by time:
     D:1: 1018 daAuts
     D:2: 914 daAuts
     D:3: 782 daAuts
